 Dungeon Crawl Stone Soup version 0.24-a0-584-g9d6b971ae4 (webtiles) character file.

Game seed: 13514890489120781003, levelgen mode: deterministic

264 Gynju the Grave Robber (level 5, -4/35 HPs)
             Began as a Demonspawn Necromancer on Sept 6, 2019.
             Slain by a centaur (5 damage)
             ... on level 5 of the Dungeon.
             The game lasted 00:05:36 (3483 turns).

Gynju the Grave Robber (Demonspawn Necromancer)     Turns: 3483, Time: 00:05:36

Health: -4/35      AC:  4    Str:  8    XL:     5   Next: 98%
Magic:  0/11       EV: 12    Int: 18    God:
Gold:   117        SH:  0    Dex: 13    Spells: 10/12 levels left

rFire    . . .     SeeInvis .   d - +0 long sword
rCold    . . .     Gourm    .   (no shield)
rNeg     . . .     Faith    .   a - +0 robe
rPois    .         Spirit   .   (no helmet)
rElec    .         Reflect  .   (no cloak)
rCorr    .         Harm     .   (no gloves)
MR       .....                  (no boots)
Stlth    +++.......             s - amulet of regeneration
HPRegen  1.51/turn              i - ring of stealth
MPRegen  0.12/turn              (no ring)

@: very slightly contaminated
A: icy blue scales 1, powered by death 2
a: no special abilities


You were on level 5 of the Dungeon.
You were not hungry.

You visited 1 branch of the dungeon, and saw 5 of its levels.
You also visited: Sewer.

You collected 117 gold pieces.

Inventory:

Hand Weapons
 d - a +0 long sword (weapon)
 f - a +0 whip
Armour
 a - a +0 robe (worn)
Jewellery
 i - a ring of stealth (left hand)
 s - an amulet of regeneration (around neck)
Wands
 n - a wand of disintegration (17)
Scrolls
 g - 4 scrolls of teleportation {unknown}
 h - 3 scrolls of identify {unknown}
 j - a scroll of amnesia {unknown}
 l - a scroll of immolation {unknown}
 p - a scroll of remove curse {unknown}
 q - 2 scrolls of enchant armour {unknown}
Potions
 b - 4 potions of ambrosia {unknown}
 e - a potion of degeneration {unknown}
 k - a potion of mutation {unknown}
 m - 2 potions of flight {unknown}
 o - 5 potions of curing {unknown}
 r - 6 potions of might {unknown}
 t - 3 potions of brilliance {unknown}
 v - 2 potions of heal wounds {unknown}
Comestibles
 c - 7 rations
 u - 2 chunks of flesh


   Skills:
 - Level 1.7 Dodging
 - Level 1.7 Stealth
 + Level 4.3 Spellcasting
 + Level 6.4 Necromancy


You had 10 spell levels left.
You knew the following spells:

 Your Spells              Type           Power        Failure   Level  Hunger
a - Pain                  Necr           ####         1%          1    None
b - Animate Skeleton      Necr           N/A          1%          1    None

Your spell library contained the following spells:

 Spells                   Type           Power        Failure   Level  Hunger
 Vampiric Draining        Necr           ####......   3%          3    ###....
 Animate Dead             Necr           N/A          10%         4    ####...
 Regeneration             Chrm/Necr      ###.......   12%         3    ###....


Dungeon Overview and Level Annotations

Branches:
Dungeon (6/15)              Sewer (visited)
 Temple: D:4-7

Altars:

Annotations:
D:5 Sigmund


Innate Abilities, Weirdness & Mutations

You are partially covered in icy blue scales. (AC +2)
You regenerate health from kills.


Message History

* * * LOW HITPOINT WARNING * * *
Casting: Pain (safe; 1% risk of failure)
Confirm with . or Enter, or press ? or * to list all spells.
Aiming: Pain (safe; 1% risk of failure)
Press: ? - help, Shift-Dir - straight line, f/p - iguana
Aim: an iguana (lightly wounded, chance to defeat MR: 89%)
The iguana barely resists.
The howler monkey hoots and howls with incredible vigour!
Sigmund closely misses you. The iguana bites you.
* * * LOW HITPOINT WARNING * * *
The centaur misses you.
Casting: Pain (safe; 1% risk of failure)
Confirm with . or Enter, or press ? or * to list all spells.
Aiming: Pain (safe; 1% risk of failure)
Press: ? - help, Shift-Dir - straight line, f/p - iguana
Aim: an iguana (lightly wounded, chance to defeat MR: 89%)
The iguana writhes in agony.
The iguana bites you.
* * * LOW HITPOINT WARNING * * *
The centaur hits you.
You die...

.. .. ?. #. #.
#. ####
#†##h...#
#.@l@#
.......cc......
..#######....##
###.# #


You could see Sigmund, 2 centaurs, a howler monkey and an iguana.

Vanquished Creatures
  A bullfrog (D:6)
  A howler monkey (D:5)
  A crimson imp (D:6)
  4 adders
  4 river rats (Sewer)
  A worm (D:3)
  A dart slug (D:2)
  A bat (D:1)
  2 giant cockroaches
  3 goblins
  6 hobgoblins
  14 kobolds
  4 ball pythons
  4 frilled lizards
  19 rats
66 creatures vanquished.

Vanquished Creatures (collateral kills)
  An adder (Sewer)
  An adder zombie (D:6)
  A ball python (Sewer)
  4 kobolds (Sewer)
  4 rats (Sewer)
11 creatures vanquished.

Grand Total: 77 creatures vanquished

Notes
Turn   | Place    | Note
-------+----------+-------------------------------------------
     0 | D:1      | Gynju the Demonspawn Necromancer began the quest for the
                  | Orb.
     0 | D:1      | Reached XP level 1. HP: 13/13 MP: 3/3
   717 | D:1      | Gained mutation: You regenerate a little health from kills.
                  | [demonic ancestry]
   717 | D:1      | Reached XP level 2. HP: 18/19 MP: 1/5
  1235 | D:2      | Learned a level 1 spell: Animate Skeleton
  1483 | D:2      | Reached XP level 3. HP: 21/24 MP: 2/7
  1856 | D:2      | Reached skill level 5 in Necromancy
  2147 | D:3      | You fall into a shaft and drop 3 floors!
  2210 | D:6      | Found a glowing drain.
  2213 | D:6      | Noticed a bullfrog
  2219 | Sewer    | Entered a sewer
  2573 | Sewer    | Gained mutation: You regenerate health from kills. [demonic
                  | ancestry]
  2573 | Sewer    | Reached XP level 4. HP: 26/30 MP: 0/8
  3105 | Sewer    | Gained mutation: You are partially covered in icy blue
                  | scales. (AC +2) [demonic ancestry]
  3105 | Sewer    | Reached XP level 5. HP: 35/35 MP: 7/10
  3356 | D:6      | Reached skill level 6 in Necromancy
  3433 | D:6      | Noticed a phantom
  3471 | D:5      | Entered Level 5 of the Dungeon
  3472 | D:5      | Noticed a centaur
  3475 | D:5      | Noticed Sigmund
  3478 | D:5      | Noticed a centaur
  3483 | D:5      | HP: 1/35 [iguana (6)]
  3483 | D:5      | Slain by a centaur

Levels and vault maps discovered:
D:1:      elethiomel_arrival_fortress_basement, layout_rooms
D:2:      layout_basic, first_ration, nrook_loot_triangle
D:3:      layout_rooms, nicolae_dithmenos_shadow_blocks
D:5:      layout_rooms, serial_shops, kennysheep_mini_moat, shop_fountains,
          shop, shop, nicolae_shop_trees, uniq_sigmund
D:6:      kennysheep_kobold_camp, layout_cave_pools,
          gammafunk_temple_overflow_forgotten, cheibrodos_sewer_entry_drain,
          uniq_edmund, uniq_pikel

Skill      XL: |  1  2  3  4  5 |
---------------+----------------+-----
Necromancy     | 5 6 |  6.4
Spellcasting   | 3 4 |  4.3
Dodging        | |  1.7
Stealth        | |  1.7

Action                   |  1- 3 |  4- 6 || total
-------------------------+-------+-------++-------
Melee: Unarmed           |     9 |       ||     9
       Club              |     8 |       ||     8
       Long sword        |     2 |    26 ||    28
 Cast: Pain              |    66 |    51 ||   117
       Animate Skeleton  |     6 |    10 ||    16
  Eat: Chunk             |     5 |     3 ||     8
Armor: Robe              |     2 |     8 ||    10
Dodge: Dodged            |    20 |    44 ||    64
       Rpst.: Long sword |     2 |     8 ||    10

Table legend:
 A = Non-vault XP
 B = Vault XP
 C = Vault XP percentage of total XP
 D = Non-vault monster count
 E = Vault monster count
 F = Vault count percentage of total count
                 A         B        C        D         E       F
            +---------+---------+-------+---------+---------+-------
      Total |     220 |     158 |  41.8 |      24 |      53 |  68.8
            +---------+---------+-------+---------+---------+-------
        D:1 |      18 |       2 |  10.0 |      10 |       1 |   9.1
        D:2 |      25 |       0 |   0.0 |       8 |       0 |   0.0
        D:3 |       6 |       0 |   0.0 |       2 |       0 |   0.0
        D:5 |      51 |       0 |   0.0 |       1 |       0 |   0.0
        D:6 |     120 |       6 |   4.8 |       3 |       4 |  57.1
      Sewer |       0 |     150 | 100.0 |       0 |      48 | 100.0
            +---------+---------+-------+---------+---------+-------
